 Dungeon Crawl Stone Soup version 0.27-a0-1116-g91b3acb402 (webtiles) character file.

Game seed: 1454919037570605542

203 jestyr24 the Conjurer (level 5, -5/35 HPs)
             Began as a Demonspawn Conjurer on Apr 30, 2021.
             Slain by a hornet (6 damage)
             ... while paralysed by a hornet
             ... on level 4 of the Dungeon on May 2, 2021.
             The game lasted 00:12:35 (3299 turns).

jestyr24 the Conjurer (Demonspawn Conjurer)         Turns: 3299, Time: 00:12:36

Health: -5/35      AC:  5    Str:  7    XL:     5   Next: 51%
Magic:  5/10       EV:  2    Int: 20    God:
Gold:   159        SH:  0    Dex: 12    Spells: 8/11 levels left

rFire    . . .     SeeInvis .   i - staff of conjuration
rCold    . . .     Faith    .   b - +0 buckler
rNeg     . . .     Spirit   .   a - +0 robe
rPois    .         Reflect  .   (no helmet)
rElec    .         Harm     .   k - +2 cloak
rCorr    .         Rampage  .   (no gloves)
Will     .....                  (no boots)
Stlth    ++........             (no amulet)
HPRegen  0.11/turn              (no ring)
MPRegen  0.12/turn              (no ring)

@: paralysed, lethally poisoned (-5 -> -6), slowed
A: spiny 2
a: no special abilities


You were on level 4 of the Dungeon.
You visited 1 branch of the dungeon, and saw 4 of its levels.

You collected 159 gold pieces.

Inventory:

Armour
 a - a +0 robe (worn)
 b - a +0 buckler (worn)
 k - a +2 cloak (worn)
Magical Staves
 i - a staff of conjuration (weapon)
Scrolls
 d - a scroll of magic mapping {unknown}
 e - a scroll of identify {unknown}
 f - 3 scrolls of teleportation
 g - a scroll of summoning {unknown}
 j - a scroll of amnesia {unknown}
 l - a scroll of enchant armour {unknown}
Potions
 c - 2 potions of heal wounds
 h - a potion of curing {unknown}
 m - a potion of might {unknown}
 n - a potion of brilliance {unknown}
 o - a potion of berserk rage {unknown}


   Skills:
 + Level 2.1 Dodging
 + Level 2.1 Stealth
 + Level 3.5 Spellcasting
 + Level 5.7 Conjurations


You had 8 spell levels left.
You knew the following spells:

 Your Spells              Type           Power      Damage    Failure   Level
a - Magic Dart            Conj           100%       1d8       2%          1
b - Searing Ray           Conj           78%        3d6       3%          2

Your spell library contained the following spells:

 Spells                   Type           Power      Damage    Failure   Level
 Dazzling Flash           Conj/Hex       44%        N/A       21%         3
 Animate Skeleton         Necr           6%         N/A       22%         1
 Pain                     Necr           12%        1d4       22%         1
 Vampiric Draining        Necr           1%         2d6       56%         3
 Fulminant Prism          Conj/Hex       11%        3d9       56%         4
 Iskenderun's Mystic Bla  Conj/Tloc      22%        2d6       56%         4
 Animate Dead             Necr           1%         N/A       92%         4
 Agony                    Necr           3%         N/A       99%         5


Dungeon Overview and Level Annotations

Branches:
Dungeon (4/15)
 Temple: D:4-7

Altars:

Shops:
D:2 *


Innate Abilities, Weirdness & Mutations

You are mostly covered in sharp spines.


Message History

You barely miss the hornet. The hornet is struck by your spines.
The hornet stings you.
You are poisoned.
You feel yourself slow down. You block the hornet's attack.
Casting: Magic Dart (safe; 2% risk of failure)
Confirm with . or Enter, or press ? or * to list all spells.
Aiming: Searing Ray (safe; 3% risk of failure)
Press: ? - help, Shift-Dir - straight line, f - hornet
Aim: a hornet (lightly wounded, 71% to hit)
You feel a surge of power!
The searing ray misses the hornet. (Press . to maintain the ray.)
You feel very sick. The hornet is struck by your spines.
The hornet closely misses you. The hornet misses you.
The searing ray hits the hornet but does no damage.
The hornet is lightly wounded.
You feel yourself speed up.
You feel sick. The hornet is struck by your spines. The hornet stings you!
You feel yourself slow down. The hornet stings you!
* * * LOW HITPOINT WARNING * * *
You feel as though you will be slow longer.
It was a potion of heal wounds.
You feel much better.
You feel sick. The hornet is struck by your spines.
The hornet closely misses you. x2
The hornet stings you!
You feel as though you will be slow longer.
Casting: Searing Ray (safe; 3% risk of failure)
Confirm with . or Enter, or press ? or * to list all spells.
Aiming: Searing Ray (safe; 3% risk of failure)
Press: ? - help, Shift-Dir - straight line, f/p - hornet
Aim: a hornet (heavily wounded, 71% to hit)
You feel a surge of power!
The searing ray hits the hornet.
The hornet is heavily wounded. (Press . to maintain the ray.)
You feel sick. The hornet is struck by your spines.
The hornet closely misses you. The hornet stings you!
* * * LOW HITPOINT WARNING * * *
You suddenly lose the ability to move!
* * * LOW HITPOINT WARNING * * *
You feel sick. The hornet stings you.
You die...

#.88.#..####.#.#...##
#....'.)# #.#.#.....
######### #.#.#.....
##....####.# #.....
#.####....## #...##
#.# ###### #...## #.#
.##$)# #.....
#.##..##[?# #...##
##@y# .### ##'###
#..# y #...#. #### ##
#...#. #...#. ######


You could see a hornet.

Vanquished Creatures
  An iguana (D:4)
  A bullfrog skeleton (D:4)
  4 gnolls (D:3)
  2 adders (D:2)
  An adder skeleton (D:4)
  3 worms
  7 orcs
  7 ball pythons
  7 bats
  7 endoplasms
  4 giant cockroaches
  3 hobgoblins
  4 jackals (D:1)
  3 kobolds
  5 quokkas
  4 frilled lizards
  5 goblins
  5 rats
73 creatures vanquished.

Notes
Turn   | Place    | Note
-------+----------+-------------------------------------------
     0 | D:1      | jestyr24 the Demonspawn Conjurer began the quest for the
                  | Orb.
     0 | D:1      | Reached XP level 1. HP: 13/13 MP: 3/3
   270 | D:1      | Gained mutation: You are partially covered in sharp spines.
                  | [demonic ancestry]
   270 | D:1      | Reached XP level 2. HP: 19/19 MP: 1/5
   708 | D:1      | Upgraded the game from 0.27-a0-1105-g946c659c87 to
                  | 0.27-a0-1116-g91b3acb402
   864 | D:1      | Found a faded altar of an unknown god.
   868 | D:1      | Gained mutation: You are mostly covered in sharp spines.
                  | [demonic ancestry]
   868 | D:1      | Reached XP level 3. HP: 24/24 MP: 4/6
   871 | D:1      | Learned a level 2 spell: Searing Ray
  1462 | D:2      | Reached skill level 5 in Conjurations
  1806 | D:2      | Reached XP level 4. HP: 30/30 MP: 2/7
  1860 | D:2      | Found Lig Axoss's General Store.
  3065 | D:4      | Reached XP level 5. HP: 35/35 MP: 2/9
  3280 | D:4      | Noticed a hornet
  3298 | D:4      | Paralysed by a hornet for 2 turns
  3299 | D:4      | HP: 1/35 [poisoned by a hornet]
  3299 | D:4      | Slain by a hornet

Illustrated notes

Levels and vault maps discovered:
D:1:      lightli_arrival_statue_moat, layout_basic,
          ebering_ecumenical_altar_box, corexii_corridor_pit,
          minmay_tetromino_l2
D:2:      layout_rooms, serial_shops, shop
D:3:      layout_rooms, nicolae_underground_beach
D:4:      minmay_chambers_of_fours, layout_gridville, kennysheep_generic_room_2

Skill      XL: |  1  2  3  4 |
---------------+-------------+-----
Dodging        | 2 |  2.1
Conjurations   | 5 |  5.7
Stealth        | 2 |  2.1
Spellcasting   | 3 |  3.5

Action                   |  1- 3 |  4- 6 || total
-------------------------+-------+-------++-------
Melee: Staff             |     3 |     6 ||     9
 Cast: Magic Dart        |    78 |    44 ||   122
       Searing Ray       |     1 |    10 ||    11
  Use: Scroll            |       |     1 ||     1
       Potion            |       |     1 ||     1
 Stab: Sleeping          |       |     1 ||     1
Armor: Robe              |     2 |     1 ||     3
Dodge: Dodged            |     4 |    13 ||    17
Block: Buckler           |       |     1 ||     1

Table legend: (Time is in decaauts)
 A = Elapsed time spent in this place.
 B = Non-inter-level travel time spent in this place.
 C = Inter-level travel time spent in this place.
 D = Time resting spent in this place.
 E = Time spent auto-exploring this place.
 F = Levels seen in this place.
 G = Mean time per level.
                   A        B        C        D        E       F      G
               +--------+--------+--------+--------+--------+-----+--------+
         Total |   3303 |   3224 |     79 |    305 |   2522 |   4 |  825.8 |
       Dungeon |   3303 |   3224 |     79 |    305 |   2522 |   4 |  825.8 |
               +--------+--------+--------+--------+--------+-----+--------+

Top non-repeatable levels by time:
     D:1: 1224 daAuts
     D:2: 911 daAuts
     D:3: 825 daAuts
     D:4: 342 daAuts
